 Dungeon Crawl Stone Soup version 0.29-a0-838-g385bb11a5b (webtiles) character file.

Game seed: 6438827114283495706

709 IdlyInterested the Covered (level 7, 0/50 HPs)
             Began as a Demonspawn Gladiator on July 13, 2022.
             Slain by Edmund
             ... wielding a +2 flail of distortion
              (5 damage)
             ... on level 5 of the Dungeon.
             The game lasted 00:15:13 (5039 turns).

IdlyInterested the Covered (Demonspawn Gladiator)   Turns: 5039, Time: 00:15:14

Health: 0/50       AC: 15    Str: 22    XL:     7   Next: 40%
Magic:  7/7        EV: 15    Int:  9    God:
Gold:   127        SH: 14    Dex: 15    Spells: 6/6 levels left

rFire   . . .      SeeInvis .   c - +2 mace (protect)
rCold   . . .      Faith    .   y - +0 buckler
rNeg    . . .      Spirit   .   f - +1 ring mail
rPois   .          Reflect  +   (helmet restricted)
rElec   .          Harm     .   q - +0 cloak
rCorr   .          Rampage  .   (no gloves)
Will    .....                   (no boots)
Stlth   +.........              t - amulet of reflection
HPRegen 0.16/turn               p - +4 ring of evasion
MPRegen 0.10/turn               j - +6 ring of strength

@: under a protective aura
A: antennae 1, large bone plates 2
a: no special abilities


You were on level 5 of the Dungeon.
You visited 2 branches of the dungeon, and saw 6 of its levels.
You also visited: Sewer.

You collected 127 gold pieces.

Inventory:

Hand Weapons
 a - a +1 flail
 c - a +2 mace of protection (weapon)
Missiles
 d - 2 throwing nets (quivered)
 e - a javelin
Armour
 f - a +1 ring mail (worn)
 q - a +0 cloak (worn)
 y - a +0 buckler (worn)
Magical Staves
 g - a staff of death
Jewellery
 j - a +6 ring of strength (right hand)
 p - a +4 ring of evasion (left hand)
 t - an amulet of reflection (around neck)
Wands
 r - a wand of digging (2)
Scrolls
 h - 4 scrolls of enchant weapon
 l - a scroll of enchant armour
 m - a scroll of blinking
 o - 2 scrolls of teleportation
Potions
 i - 3 potions of attraction
 k - a potion of berserk rage {unknown}
 n - 2 potions of brilliance {unknown}
 s - a potion of magic
 u - 2 potions of cancellation {unknown}
 v - a potion of haste {unknown}
 w - a potion of mutation {unknown}
 x - a potion of heal wounds {unknown}
 z - a potion of curing {unknown}
 A - a potion of degeneration {unknown}


   Skills:
 - Level 2.0 Fighting
 + Level 4.9 Maces & Flails
 - Level 1.7 Throwing
 * Level 5.8 Armour
 - Level 2.6 Dodging
 - Level 1.0 Stealth
 - Level 1.0 Evocations


You had 6 spell levels left.
You didn't know any spells.
Your spell library contained the following spells:

 Spells                   Type           Power      Damage    Failure   Level
 Shock                    Conj/Air       0%         1d3       65%         1
 Swiftness                Air            0%         N/A       95%         3
 Airstrike                Air            0%         0-1+      100%        4


Dungeon Overview and Level Annotations

Branches:
Dungeon (5/15)             Temple (1/1) D:4           Sewer (visited)

Altars:
Ashenzari
Cheibriados
Dithmenos
Fedhas
Gozag
Kikubaaqudgha
Makhleb
Nemelex Xobeh
Okawaru
Qazlal
Ru
Sif Muna
Trog
Uskayaw
Vehumet
Wu Jian
Xom
Yredelemnul

Shops:
D:5 ?

Annotations:
D:5 Edmund


Innate Abilities, Weirdness & Mutations

You have a pair of small antennae on your head.
You are mostly covered in large bone plates. (SH +6)


Message History

You barely miss Edmund.
Edmund is moderately wounded.
Edmund barely misses you.
You hit Edmund.
Edmund is heavily wounded.
You block Edmund's attack. x2
You closely miss Edmund.
Edmund is heavily wounded.
Edmund says, "People accused me of being a cutpurse!"
You block Edmund's attack.
You thump Edmund!
Edmund is severely wounded.
Edmund completely misses you.
You sock Edmund!
Edmund is almost dead.
Edmund hits you but does no damage. Space warps around you.
You hit Edmund but do no damage.
Edmund is almost dead.
You block Edmund's attack.
Edmund hits you with a +2 flail of distortion!
Space warps horribly around you!!
* * * LOW HITPOINT WARNING * * *
You hit Edmund.
Edmund is almost dead.
You block Edmund's attack.
You hit Edmund but do no damage.
Edmund is almost dead.
You block Edmund's attack.
You barely miss Edmund.
Edmund is almost dead.
You block Edmund's attack.
You closely miss Edmund.
Edmund is almost dead.
Edmund hits you but does no damage. Space warps around you.
* * * LOW HITPOINT WARNING * * *
You hit Edmund but do no damage.
Edmund is almost dead.
You block Edmund's attack.
Edmund hits you with a +2 flail of distortion.
You die...

##.....##.......#
###..###.......#
##.###......##
#..........##
##..........#
#..........##
#..####....# #.##
##...# #@# #...#
.# #@# ##..# ...#
#.# #### .....
#.# ......##.#
.........#
.........#
.........#
.........#


You could see Edmund.

Vanquished Creatures
  A black bear (D:4)
  A phantom (D:5)
  A necrophage (D:4)
  A gnoll sergeant (D:5)
  A howler monkey (D:4)
  2 orc priests
  Crazy Yiuf (D:2)
  An orc wizard (D:4)
  Robin (D:3)
  9 river rats (Sewer)
  4 adders
  A white imp (D:5)
  An ufetubus (D:5)
  A dart slug (D:3)
  10 orcs
  9 endoplasms
  4 giant cockroaches
  18 goblins
  4 hobgoblins
  6 jackals
  4 quokkas
  12 ball pythons
  2 bats
  3 frilled lizards
  18 kobolds
  28 rats
  A spectral goblin (D:1)
145 creatures vanquished.

Notes
Turn   | Place    | Note
-------+----------+-------------------------------------------
     0 | D:1      | IdlyInterested the Demonspawn Gladiator began the quest for
                  | the Orb.
     0 | D:1      | Reached XP level 1. HP: 16/16 MP: 1/1
   319 | D:1      | Found a faded altar of an unknown god.
   487 | D:1      | Reached skill level 1 in Stealth
   487 | D:1      | Gained mutation: You are partially covered in large bone
                  | plates. (SH +4) [demonic ancestry]
   487 | D:1      | Reached XP level 2. HP: 20/22 MP: 2/2
   529 | D:1      | Reached skill level 1 in Armour
  1542 | D:2      | Reached XP level 3. HP: 22/27 MP: 3/3
  1615 | D:2      | Reached skill level 1 in Evocations
  2025 | D:2      | Found a runed translucent door.
  2026 | D:2      | Noticed Crazy Yiuf
  2036 | D:2      | Killed Crazy Yiuf
  2037 | D:2      | Reached skill level 2 in Armour
  2037 | D:2      | Gained mutation: You are mostly covered in large bone
                  | plates. (SH +6) [demonic ancestry]
  2037 | D:2      | Reached XP level 4. HP: 11/33 MP: 4/4
  2417 | D:3      | Noticed Robin
  2443 | D:3      | Killed Robin
  2459 | D:3      | Found a shimmering altar of Xom.
  2463 | D:3      | Found an iron altar of Okawaru.
  2463 | D:3      | Found a sacrificial altar of Ru.
  2470 | D:3      | Found a bloodstained altar of Trog.
  2513 | D:3      | Reached skill level 3 in Armour
  2513 | D:3      | Reached XP level 5. HP: 26/38 MP: 5/5
  2684 | D:3      | Found a glowing drain.
  2699 | Sewer    | Entered a sewer
  2985 | Sewer    | Reached skill level 4 in Armour
  3058 | Sewer    | Gained mutation: You have a pair of small antennae on your
                  | head. [demonic ancestry]
  3058 | Sewer    | Reached XP level 6. HP: 37/44 MP: 6/6
  3632 | D:4      | Found a staircase to the Ecumenical Temple.
  3673 | Temple   | Entered the Ecumenical Temple
  4422 | D:4      | Reached skill level 5 in Armour
  4422 | D:4      | Reached XP level 7. HP: 47/50 MP: 7/7
  4639 | D:5      | Entered Level 5 of the Dungeon
  4747 | D:5      | Found Raizinn's Antique Armour Shoppe.
  4942 | D:5      | Found Waganam's Magic Scroll Shoppe.
  5014 | D:5      | Noticed Edmund
  5039 | D:5      | Slain by Edmund

Illustrated notes

Levels and vault maps discovered:
D:1:      dpeg_chamrin_arrival_tetris, layout_loops_ring,
          dreamdust_ecumenical_altar_drowned_temple
D:2:      layout_basic, uniq_crazy_yiuf_cottage
D:3:      layout_rooms, nicolae_overflow_hallway_of_the_gods,
          portal_sewer_entry_e, corexii_corridor_pit, uniq_robin
D:4:      layout_rooms, temple_fountains
D:5:      layout_cave_pods, nicolae_hepliaklqana_ecumenical_no_more,
          serial_shops, nicolae_lakefront_shop, nicolae_shop_behind_doors,
          nicolae_diamond_shop, shop, nicolae_shop_hallway_plus, st_stairs_1,
          small_statue_intersection, uniq_edmund
Temple:   nicolae_temple_slightly_damp_pantheon

Skill      XL: |  1  2  3  4  5  6 |
---------------+-------------------+-----
Stealth        | 1 |  1.0
Armour         | 1 2 3 4 5 |  5.8
Evocations     | 1 |  1.0
Maces & Flails | 3 4 |  4.9
Fighting       | |  2.0
Throwing       | |  1.7
Dodging        | |  2.6

Action                   |  1- 3 |  4- 6 |  7- 9 || total
-------------------------+-------+-------+-------++-------
Melee: Flail             |   117 |   212 |       ||   329
       Punch             |     1 |       |     2 ||     3
       Mace              |       |    62 |    81 ||   143
Throw: Throwing net      |     1 |       |       ||     1
       Dart              |       |       |     2 ||     2
  Use: Scroll            |     6 |     5 |       ||    11
       Potion            |       |     2 |       ||     2
 Stab: Sleeping          |     1 |       |       ||     1
       Distracted        |       |     1 |       ||     1
       Invisible         |       |     1 |       ||     1
Armor: Ring mail         |    41 |   108 |    15 ||   164
Dodge: Dodged            |    68 |   312 |    54 ||   434
Block: Other             |     9 |   125 |    29 ||   163
       Buckler           |       |       |     9 ||     9

Table legend: (Time is in decaauts)
 A = Elapsed time spent in this place.
 B = Non-inter-level travel time spent in this place.
 C = Inter-level travel time spent in this place.
 D = Time resting spent in this place.
 E = Time spent auto-exploring this place.
 F = Levels seen in this place.
 G = Mean time per level.
                   A        B        C        D        E       F      G
               +--------+--------+--------+--------+--------+-----+--------+
         Total |   5160 |   4682 |    478 |   1474 |   1856 |   7 |  737.1 |
       Dungeon |   4232 |   3778 |    454 |   1365 |   1445 |   5 |  846.4 |
        Temple |    228 |    204 |     24 |      0 |    187 |   1 |  228.0 |
         Sewer |    698 |    698 |      0 |    109 |    223 |   1 |  698.0 |
               +--------+--------+--------+--------+--------+-----+--------+

Top non-repeatable levels by time:
     D:1: 1494 daAuts
     D:2: 960 daAuts
     D:4: 740 daAuts
   Sewer: 698 daAuts
     D:3: 626 daAuts
     D:5: 410 daAuts
  Temple: 228 daAuts
